AoeStats
← Puffmutti

Arena

509754858Analyzed
1v1 RM · 5d ago on Sep 27, 2026· 42m 25s· 2 players
Game mode
Random Map
Map size
Tiny (2 player)
Population
200
Speed
Normal
Resources
Standard
Victory
Conquest
Starting age
Dark Age
Ending age
Imperial Age
RankedLock teamsTeams togetherTeam positionsShared explorationLock speedFull tech treeHidden civsTurbo modeCheats
Victory
Defeat
🇩🇪 Varangians · Germany
942
+15
🇺🇸 Burgundians · United States
929
-15
Buddha Triton
7:15 Double-Bit Axe
7:26 Horse Collar
11:34 Feudal Age
15:36 Castle Age
14:02 Bow Saw
14:08 Gold Mining
16:34 Forging
17:43 Fervor
19:24 Wheelbarrow
20:57 Sanctity
20:56 Hand Cart
20:56 Town Watch
21:09 Stone Mining
22:52 Stone Shaft Mining
24:18 Loom
27:07 Imperial Age
26:16 Two-Man Saw
26:17 Cavalier
26:53 Fletching
27:39 Iron Casting
28:04 Gold Shaft Mining
27:43 Husbandry
29:15 Conscription
29:37 Scale Barding Armor
30:38 Ballistics
32:59 Chemistry
34:50 Masonry
34:53 Burgundian Vineyards
35:37 Hoardings
36:56 Bodkin Arrow
38:01 Blast Furnace
42:11 Light Cavalry
Puffmutti
11:41 Feudal Age
12:21 Double-Bit Axe
15:12 Castle Age
12:54 Horse Collar
16:25 Bow Saw
26:32 Wheelbarrow
26:38 Gold Mining
30:50 Imperial Age
29:05 Scale Mail Armor
29:15 Forging
30:53 Ballistics
30:59 Chain Mail Armor
31:23 Iron Casting
31:19 Treadmill Crane
32:03 Elite Varangian Guard
32:33 Heavy Scorpion
34:14 Plate Mail Armor
35:35 Chemistry
39:15 Blast Furnace
Connection lost

Rejoining the realm…

Still unreachable

The connection could not be restored.

Session expired

The server has moved on; the page needs a fresh start.